 Dungeon Crawl Stone Soup version 0.27-a0-774-g3e622ea735 (webtiles) character file.

Game seed: 11429302342149712869

436844 Essalna the Acrobat (level 24, -30/189 HPs)
             Began as a Djinni Hedge Wizard on Mar 24, 2021.
             Was the Champion of Makhleb.
             Killed by an exploding ball lightning (31 damage)
             ... on level 1 of the Depths on Mar 25, 2021.
             The game lasted 03:23:14 (70543 turns).

Essalna the Acrobat (Djinni Hedge Wizard)          Turns: 70543, Time: 03:23:15

Health: -30/189    AC: 29    Str: 14    XL:     24   Next: 3%
Gold:   4640       EV: 22    Int: 33    God:    Makhleb [******] SH: 14 Dex: 16

rFire    + + +     SeeInvis +   i - staff of cold
rCold    + . .     Faith    .   z - +3 warlock's mirror {reflect}
rNeg     + + .     Spirit   .   A - +9 ring mail "Wesiasch" {rN+ Dex+4}
rPois    ∞         Reflect  +   t - +2 helmet of the Fiddle {Int+6}
rElec    .         Harm     .   o - +0 cloak
rCorr    .         Rampage  .   P - +1 pair of gloves {Str+3}
Will     +++..                  (boots unavailable)
Stlth    +.........             w - amulet of reflection
HPRegen  0.41/turn              V - +4 ring of protection
MPRegen  0.00/turn              h - ring of Obsession {rC+ rN+ SInv}

@: flying, studying Polearms
A: fire resistance 3, cold vulnerability 1, float, innate caster, hp casting,
extra vitality 1, clumsy 1, strong-willed 1, strong 1, subdued magic 1
}: 2/15 runes: decaying, serpentine
a: Renounce Religion, Minor Destruction, Lesser Servant of Makhleb, Major
Destruction, Greater Servant of Makhleb


You were on level 1 of the Depths.
You worshipped Makhleb.
Makhleb was exalted by your worship.
You visited 9 branches of the dungeon, and saw 41 of its levels.
You visited the Abyss 2 times.
You also visited: Bailey and Gauntlet.

You collected 6545 gold pieces.
You spent 1905 gold pieces at shops.

Inventory:

Hand Weapons
 M - the +10 scimitar "Onisun" {vorpal, *Noise Int+2 Dex+4}
   (You found it in a Gauntlet)

   It inflicts extra damage upon your enemies.
   It affects your intelligence (+2).
   It affects your dexterity (+4).
   It may make noises in combat.
Armour
 c - a +0 troll leather armour
 o - a +0 cloak (worn)
 t - the +2 helmet of the Fiddle (worn) {Int+6}
   (You found it on level 3 of the Elven Halls)

   It affects your intelligence (+6).
 y - a +2 robe of willpower
 z - the +3 warlock's mirror (worn) {reflect}
   (You found it on level 13 of the Dungeon)
 A - the +9 ring mail "Wesiasch" (worn) {rN+ Dex+4}
   (You found it on level 8 of the Dungeon)

   It affects your dexterity (+4).
   It protects you from negative energy.
 P - a +1 pair of gloves of strength (worn)
 U - the +0 hat of Proximity {rElec}
   (You bought it in a shop on level 3 of the Vaults)

   It insulates you from electricity.
Magical Staves
 i - a staff of cold (weapon)
 j - a staff of earth
 Q - a staff of air
Jewellery
 b - a ring of resist corrosion
 h - the ring of Obsession (left hand) {rC+ rN+ SInv}
   (You found it on level 1 of the Swamp)

   [ring of see invisible]

   It protects you from cold.
   It protects you from negative energy.
   It lets you see invisible.
 s - the ring of Gouhiafeop {rPois rN+}
   (You took it off a deep elf demonologist on level 3 of the Elven Halls)

   [ring of poison resistance]

   It protects you from poison.
   It protects you from negative energy.
 v - a ring of ice
 w - an amulet of reflection (around neck)
 B - the amulet of Rinoxusu {Acrobat rElec rC+ Will- SInv}
   (You took it off a deep elf knight on level 3 of the Elven Halls)

   [amulet of the acrobat]

   It helps you evade while moving and waiting.
   It protects you from cold.
   It insulates you from electricity.
   It affects your willpower, your defense against some magical effects.
   It lets you see invisible.
 D - an amulet of the acrobat
 F - a ring of protection from cold
 N - a ring of positive energy
 R - a ring of protection from cold
 V - a +4 ring of protection (right hand)
 W - a ring of protection from cold
Wands
 k - a wand of mindburst (14)
 l - a wand of iceblast (28)
 r - a wand of digging (13)
 E - a wand of acid (28)
Scrolls
 a - a scroll of summoning
 d - 5 scrolls of magic mapping
 e - 2 scrolls of fear
 g - 24 scrolls of identify
 n - 4 scrolls of silence
 p - 6 scrolls of fog
 q - a scroll of blinking
 K - 3 scrolls of teleportation
 O - 2 scrolls of holy word
 T - 5 scrolls of enchant armour
 X - 4 scrolls of immolation
 Z - 3 scrolls of enchant weapon
Potions
 f - 2 potions of cancellation
 m - 3 potions of berserk rage
 u - a potion of haste
 x - 2 potions of mutation
 C - a potion of ambrosia {unknown}
 G - 6 potions of might
 H - 7 potions of attraction
 I - 6 potions of heal wounds
 J - 5 potions of lignification
 L - a potion of resistance
 S - 7 potions of curing
 Y - 4 potions of brilliance


   Skills:
 + Level 20.8 Fighting
 - Level 16.2 Armour
 + Level 22.4 Dodging
 - Level 2.0 Stealth
 + Level 8.6 Shields
 + Level 18.2 Spellcasting


You couldn't memorise any spells.
You knew the following spells:

 Your Spells              Type           Power      Damage    Failure   Level
a - Magic Dart            Conj           100%       1d8       0%          1
b - Blink                 Tloc           N/A        N/A       0%          2
c - Call Imp              Summ           86%        N/A       0%          2
d - Slow                  Hex            86%        N/A       0%          2
e - Conjure Flame         Conj/Fire      86%        6-21      0%          3
f - Mephitic Cloud        Conj/Pois/Air  86%        N/A       0%          3
g - Apportation           Tloc           100%       N/A       0%          1
h - Passwall              Tmut/Erth      71%        N/A       0%          2
i - Spider Form           Tmut/Pois      43%        N/A       0%          3
j - Call Canine Familiar  Summ           86%        N/A       0%          3
k - Airstrike             Air            43%        N/A       0%          4
l - Irradiate             Conj/Tmut      43%        3d28      0%          5
m - Death Channel         Necr           43%        N/A       1%          6
n - Conjure Ball Lightni  Conj/Air       43%        3x3d15    1%          6
o - Statue Form           Tmut/Erth      57%        N/A       1%          6
p - Disjunction           Tloc           43%        N/A       5%          8
q - Ozocubu's Refrigerat  Ice            54%        4d15      1%          7
Your spell library was empty.

Dungeon Overview and Level Annotations

Branches:
Dungeon (15/15)            Temple (1/1) D:6            Lair (6/6) D:10
  Swamp (4/4) Lair:3        Snake (4/4) Lair:2        Slime (0/5) Lair:5
    Orc (2/2) D:12            Elf (3/3) Orc:2        Vaults (5/5) D:14
  Crypt (0/3) Vaults:3     Depths (1/5) D:15         Bailey (visited)
Gauntlet (visited)

Altars:
Ashenzari
Elyvilon
Fedhas
Gozag
Kikubaaqudgha
Makhleb
Nemelex Xobeh
Sif Muna
Trog
Uskayaw
Xom
Yredelemnul
Zin
Beogh
Jiyva

Shops:
D:2 (   D:11 ?   D:13 [   D:14 [   Orc:2 (*=[   Elf:3 [   Snake:1 [
Snake:3 ((!:   Snake:4 ***   Vaults:1 !   Vaults:2 [   Vaults:3 *
Depths:1 =:=

Portals:
Hell: Lair:6 Depths:1
Pandemonium: Depths:1
Trove: Elf:2 (give +3 storm dragon scales)

Annotations:
D:5 3 runed translucent doors, polve's ghost, amateur DsAK
D:9 3 runed translucent doors, stripedtigrrr's ghost, novice OpDe
Vaults:2 Asterion
Depths:1 1 runed translucent door


Innate Abilities, Weirdness & Mutations

You are immune to poison.
Your flesh is almost immune to the effects of heat. (rF+++)
You are vulnerable to cold. (rC-)
You float through the air rather than walking.
You learn spells naturally, not from books.
Your magical power is your life essence.
You have superior vitality. (+4 HP)
You are clumsy. (Dex -2)
You are strong-willed. (Will+)
Your muscles are strong. (Str +2)
Your spells are a little easier to cast, but a little less powerful.


Message History

The blast of lightning engulfs the golden dragon.
The golden dragon resists.
The golden dragon is severely wounded.
The blast of lightning engulfs your ball lightning.
Your ball lightning completely resists.
Your ball lightning explodes!
The blast of lightning engulfs the golden dragon!
The golden dragon resists.
The golden dragon is severely wounded.
The blast of lightning engulfs you!!
* * * LOW HITPOINT WARNING * * *
The blast of lightning engulfs your ball lightning.
Your ball lightning completely resists.
The blast of lightning engulfs your ball lightning.
Your ball lightning completely resists.
The blast of lightning engulfs your ball lightning.
Your ball lightning completely resists.
Your ball lightning explodes!
The blast of lightning engulfs you.
* * * LOW HITPOINT WARNING * * *
The blast of lightning engulfs your ball lightning.
Your ball lightning completely resists.
The blast of lightning engulfs your ball lightning.
Your ball lightning completely resists.
The blast of lightning engulfs the golden dragon!
The golden dragon resists.
The golden dragon is almost dead.
The blast of lightning engulfs your ball lightning.
Your ball lightning completely resists.
Your ball lightning explodes!
The blast of lightning engulfs your ball lightning.
Your ball lightning completely resists.
The blast of lightning engulfs you!
* * * LOW HITPOINT WARNING * * *
The blast of lightning engulfs the golden dragon.
The golden dragon resists.
The golden dragon is almost dead.
Your ball lightning explodes!
The blast of lightning engulfs you!!
You die...

♣ ####'######..#
♣.##.........##.# ♣♣
..'.........##.. ♣.
#.........'... ♣ #.
#.........#### ♣♣.♣ #*
#.........#
.....#'########'######
......D.....# #.#
....∩...@...###.####
............'......#
............###.##.#
............# #.##.#
............# #....#
............# ######
#############


You could see a golden dragon (catching breath, ally target) and a friendly ball
lightning.

Vanquished Creatures
  Bai Suzhen (Vaults:4)
  Jory (Vaults:3)
  Nikola (Snake:3)
  3 deep elf blademasters
  3 liches
  A deep elf master archer (Elf:3)
  Gastronok (Lair:1)
  7 sphinxes
  3 thorn hunters
  Donald (Snake:3)
  A storm dragon (Vaults:5)
  The ghost of Esiutuon the Sorcerer, an adept DECj of Vehumet (Swamp:1)
  A frost giant (Vaults:1)
  7 nagarajas
  4 fire giants
  2 orc warlords
  12 vault wardens
  8 deep elf sorcerers (Elf:3)
  Aizul (Snake:2)
  6 deep elf elementalists (Elf:3)
  21 ironbound preservers
  4 stone giants
  A vampire knight (Depths:1)
  9 very ugly things
  An entropy weaver (Vaults:2)
  9 deep elf demonologists (Elf:3)
  10 deep elf annihilators
  Azrael (D:12)
  3 dire elephants
  3 deep elf death magi (Elf:3)
  5 bunyips
  4 ettins
  2 salamander tyrants
  Snorg (D:13)
  5 eleionomae
  A fire dragon (Depths:1)
  A merfolk javelineer (Depths:1)
  Josephine (D:13)
  The ghost of Vepoma the Unseen, a journeyman SpEn of Dithmenos (D:13)
  2 shambling mangroves
  12 yaktaur captains
  5 deep elf high priests
  4 great orbs of eyes
  6 ironbound thunderhulks
  A jiangshi (Vaults:3)
  Harold (D:9)
  A boulder beetle (Vaults:1)
  2 rakshasas (Depths:1)
  3 ice dragons (Depths:1)
  16 hydras
  Erolcha (D:12)
  6 ironbound frosthearts
  11 naga warriors
  An ogre mage (D:15)
  A death knight (D:13)
  A catoblepas (Lair:6)
  32 vault guards
  9 anacondas
  A spriggan air mage (Swamp:3)
  18 centaur warriors
  A deep troll shaman (Depths:1)
  25 dancing weapons
  5 death yaks (D:10)
  3 orc high priests (Orc:2)
  5 alligators
  3 tengu warriors (Depths:1)
  2 vampire magi (Vaults:3)
  6 two-headed ogres
  19 naga sharpshooters
  4 ironbound beastmasters
  2 thrashing horrors
  Urug (Lair:5)
  14 deep elf knights
  A spriggan berserker (Depths:1)
  10 shock serpents
  A wretched star (Abyss:2)
  9 salamander mystics
  7 hell knights
  A sixfirhy (Lair:6)
  4 goliath frogs
  A skeletal warrior (D:13)
  4 naga ritualists
  3 unseen horrors
  55 deep trolls
  3 spriggan druids
  7 lindwurms
  22 wizards
  8 deep elf archers
  8 necromancers
  6 ironbound convokers
  6 bog bodies
  30 deep elf pyromancers
  5 phantasmal warriors
  13 swamp dragons
  12 mana vipers
  67 ugly things
  3 cyclopes
  A human zombie (Vaults:2)
  7 orc knights
  4 orc sorcerers
  A salamander (shapeshifter) (Elf:2)
  18 salamanders
  4 will-o-the-wisps
  A worldbinder (Abyss:2)
  A manticore (D:15)
  31 deep elf zephyrmancers
  2 centaur zombies
  A fire giant skeleton (Depths:1)
  An iron dragon skeleton (Depths:1)
  A stone giant skeleton (Depths:1)
  A guardian serpent (shapeshifter) (Vaults:4)
  15 vault sentinels
  9 guardian serpents
  A smoke demon (Lair:6)
  34 black mambas
  8 elephants
  An eye of devastation (Abyss:2)
  3 orange demons (Lair:6)
  19 naga magi
  16 cane toads
  2 torpor snails
  4 rime drakes
  A yaktaur zombie (Vaults:2)
  7 komodo dragons
  3 freezing wraiths
  A kobold demonologist (D:13)
  32 yaktaurs
  2 ice devils (Lair:6)
  2 tengu conjurers (Depths:1)
  A red devil (Lair:6)
  6 trolls
  A queen bee (Snake:4)
  4 bloated husks
  7 hornets
  7 tyrant leeches
  10 blink frogs
  9 dream sheep (Lair:6)
  5 polar bears
  An elf zombie (Vaults:2)
  7 raiju (Abyss:2)
  A harpy skeleton (Abyss:2)
  30 slime creatures
  A human simulacrum (Vaults:2)
  6 spriggans
  5 air elementals
  4 shadows
  A spriggan skeleton (Depths:1)
  7 water elementals
  7 fire elementals
  6 wraiths
  7 large abominations
  Eustachio (D:6)
  18 humans (D:14)
  A wyvern (Lair:3)
  2 basilisks
  16 vampire mosquitoes
  A chaos spawn (Abyss:2)
  3 fire bats (Abyss:2)
  A neqoxec (Abyss:2)
  41 yaks
  A removed soldier ant (D:14)
  48 nagas
  5 wargs
  20 swamp worms
  An ogre skeleton (Vaults:2)
  3 acid dragons
  14 water moccasins
  5 hell hounds
  A black bear (D:9)
  37 orc warriors
  A floating eye (shapeshifter) (Elf:2)
  A hornet zombie (D:14)
  9 swamp drakes
  6 ice beasts
  4 sky beasts
  11 ogres
  8 starcursed masses (Abyss:2)
  3 boggarts (D:15)
  12 wolves
  2 necrophages (D:8)
  13 centaurs
  12 small abominations
  3 phantoms
  4 kobold brigands
  14 bullfrogs
  3 earth elementals (Elf:1)
  5 scorpions
  8 killer bees
  3 electric eels (D:14)
  8 wights
  4 bullfrog zombies
  A hound (D:4)
  A jelly (D:6)
  2 quasits
  4 centaur skeletons
  20 orc priests
  2 iron imps (Abyss:2)
  5 bullfrog skeletons
  7 iguanas
  21 orc wizards
  8 removed worker ants
  A hound zombie (D:5)
  A removed worker ant zombie (D:9)
  Robin (D:2)
  10 adders
  4 gnolls (Bailey)
  2 howler monkey skeletons
  2 shadow imps
  5 white imps
  3 ufetubi
  An adder skeleton (D:9)
  2 adder zombies (D:8)
  3 worms
  5 dart slugs
  87 orcs
  4 bats
  13 endoplasms
  4 giant cockroaches
  36 goblins
  19 hobgoblins
  11 jackals
  8 quokkas
  6 ball pythons
  5 frilled lizards
  22 kobolds
  2 rats (D:1)
  2 briar patches (Swamp:2)
  A lurking horror (Abyss:2)
1709 creatures vanquished.

Vanquished Creatures (collateral kills)
  A hydra (Swamp:4)
  An orc knight (Bailey)
  A hobgoblin (Bailey)
  2 goblins
  14 ball lightnings
19 creatures vanquished.

Vanquished Creatures (others)
  A deep elf archer (Elf:2)
  An orc (Orc:2)
  329 ball lightnings
  A briar patch (Swamp:2)
  16 foxfires
  27 fungi
  67 plants
  4 withered plants (D:8)
446 creatures vanquished.

Grand Total: 2174 creatures vanquished

Notes
Turn   | Place    | Note
-------+----------+-------------------------------------------
     0 | D:1      | Essalna the Djinni Hedge Wizard began the quest for the
                  | Orb.
     0 | D:1      | Reached XP level 1. HP: 15/15 MP: 0/0
   198 | D:1      | Reached XP level 2. HP: 16/21 MP: 0/0
   981 | D:1      | Reached XP level 3. HP: 21/26 MP: 0/0
   981 | D:1      | Learned a level 1 spell: Apportation
  1564 | D:2      | Found a basalt altar of Yredelemnul.
  1577 | D:2      | Reached skill level 1 in Fighting
  1577 | D:2      | Reached skill level 3 in Dodging
  1929 | D:2      | Found Heicame's Weapon Emporium.
  2281 | D:2      | Noticed Robin
  2316 | D:2      | Reached XP level 4. HP: 7/32 MP: 0/0
  2639 | D:2      | Killed Robin
  4447 | D:3      | Found an opulent altar of Gozag.
  4485 | D:3      | Reached XP level 5. HP: 34/38 MP: 0/0
  4485 | D:3      | Learned a level 2 spell: Passwall
  4924 | D:3      | Reached skill level 4 in Dodging
  5648 | D:3      | Reached XP level 6. HP: 30/45 MP: 0/0
  5836 | D:4      | Found a broken altar of Ashenzari.
  5859 | D:4      | HP: 1/45 [bullfrog skeleton (4)]
  6442 | D:4      | Reached XP level 7. HP: 33/50 MP: 0/0
  6442 | D:4      | Learned a level 3 spell: Spider Form
  6861 | D:5      | Entered Level 5 of the Dungeon
  6878 | D:5      | Found a runed translucent gate.
  6878 | D:5      | Found a runed translucent gate.
  6880 | D:5      | Found a runed translucent gate.
  6886 | D:5      | Noticed polve's ghost (amateur DsAK)
  7330 | D:5      | Reached skill level 5 in Dodging
  8148 | D:5      | Found a glowing silver altar of Zin.
  8148 | D:5      | Noticed an angel
  8532 | D:6      | Reached skill level 5 in Spellcasting
  8706 | D:6      | Reached XP level 8. HP: 43/58 MP: 0/0
  8831 | D:6      | Reached skill level 1 in Armour
  8958 | D:6      | Reached skill level 6 in Dodging
  9352 | D:6      | Reached skill level 5 in Fighting
  9513 | D:6      | Found a staircase to the Ecumenical Temple.
  9523 | Temple   | Entered the Ecumenical Temple
  9557 | Temple   | Became a worshipper of Makhleb the Destroyer
  9668 | D:6      | Noticed Eustachio
  9944 | D:6      | Killed Eustachio
 10791 | D:7      | Reached skill level 7 in Dodging
 10791 | D:7      | Reached XP level 9. HP: 61/66 MP: 0/0
 10791 | D:7      | Learned a level 3 spell: Call Canine Familiar
 10856 | D:8      | Reached * piety under Makhleb
 11627 | D:8      | Identified the +9 ring mail "Wesiasch" {rN+ Dex+4}
 12494 | D:8      | Reached skill level 8 in Dodging
 12952 | D:8      | Reached ** piety under Makhleb
 13180 | D:9      | Found a flagged portal.
 13228 | Bailey   | Entered a bailey
 13420 | Bailey   | Reached XP level 10. HP: 54/75 MP: 0/0
 13712 | Bailey   | Reached *** piety under Makhleb
 13815 | Bailey   | Noticed an orc knight
 13857 | Bailey   | Killed an orc knight
 14065 | Bailey   | Noticed an orc warlord
 14084 | D:9      | Noticed a two-headed ogre
 14130 | D:8      | Killed a two-headed ogre
 14131 | D:8      | Reached skill level 5 in Armour
 14131 | D:8      | Reached skill level 9 in Dodging
 14787 | D:9      | Found a runed translucent gate.
 14788 | D:9      | Found a runed translucent gate.
 14788 | D:9      | Found a runed translucent gate.
 14788 | D:9      | Noticed stripedtigrrr's ghost (novice OpDe)
 15082 | D:9      | Noticed Harold
 15113 | D:9      | Killed Harold
 15560 | D:9      | Found a viscous altar of Jiyva.
 15623 | D:10     | Entered Level 10 of the Dungeon
 15651 | D:10     | Noticed a death yak
 15651 | D:10     | Noticed a death yak
 15651 | D:10     | Noticed a death yak
 15749 | D:10     | Found a staircase to the Lair.
 15760 | Lair:1   | Entered Level 1 of the Lair of Beasts
 15837 | Lair:1   | Found a shimmering altar of Xom.
 16160 | Lair:1   | Noticed Gastronok
 16160 | Lair:1   | Noticed a cane toad
 16285 | Lair:1   | Killed a cane toad
 16420 | Lair:2   | Reached XP level 11. HP: 70/82 MP: 0/0
 16420 | Lair:2   | Learned a level 4 spell: Airstrike
 16435 | Lair:2   | Reached skill level 10 in Dodging
 17053 | Lair:2   | Found a staircase to the Snake Pit.
 17243 | Lair:2   | Reached **** piety under Makhleb
 17509 | Lair:2   | Noticed a seven-headed hydra
 17516 | Lair:2   | Killed a seven-headed hydra
 17997 | Lair:1   | Killed Gastronok
 17998 | Lair:1   | Reached skill level 10 in Fighting
 17998 | Lair:1   | Reached skill level 11 in Dodging
 18283 | Lair:3   | Found a gate leading to a gauntlet.
 18318 | Gauntlet | Entered a Gauntlet
 18318 | Gauntlet | Found a transporter.
 18318 | Gauntlet | Found a transporter.
 18318 | Gauntlet | Found a large runed translucent door.
 18318 | Gauntlet | Found a large runed translucent door.
 18318 | Gauntlet | Found a large runed translucent door.
 18318 | Gauntlet | Found a large runed translucent door.
 18318 | Gauntlet | Found a large runed translucent door.
 18318 | Gauntlet | Found a large runed translucent door.
 18318 | Gauntlet | Found a runed translucent door.
 18318 | Gauntlet | Found a runed translucent door.
 18318 | Gauntlet | Found a large runed translucent door.
 18318 | Gauntlet | Found a large runed translucent door.
 18318 | Gauntlet | Found a large runed translucent door.
 18318 | Gauntlet | Found a large runed translucent door.
 18318 | Gauntlet | Found a large runed translucent door.
 18318 | Gauntlet | Found a large runed translucent door.
 18326 | Gauntlet | Found a large runed translucent door.
 18326 | Gauntlet | Found a large runed translucent door.
 18327 | Gauntlet | Found a runed translucent gate.
 18327 | Gauntlet | Found a runed translucent gate.
 18327 | Gauntlet | Found a runed translucent gate.
 18329 | Gauntlet | Found a transporter.
 18341 | Gauntlet | Found a large runed translucent door.
 18342 | Gauntlet | Found a large runed translucent door.
 18348 | Gauntlet | Found a transporter.
 18352 | Gauntlet | Noticed a worldbinder
 18369 | Gauntlet | Found a transporter.
 18385 | Gauntlet | Found a transporter.
 18388 | Gauntlet | Found a transporter.
 18472 | Gauntlet | Found a transporter.
 18481 | Gauntlet | Noticed a worldbinder
 18494 | Gauntlet | Found a transporter.
 18504 | Gauntlet | Found a transporter.
 18508 | Gauntlet | Found a transporter.
 18514 | Gauntlet | Noticed a thrashing horror
 18519 | Gauntlet | Found a transporter.
 18519 | Gauntlet | Found a transporter.
 18604 | Gauntlet | Identified the +10 scimitar "Onisun" {vorpal, *Noise Int+2
                  | Dex+4}
 18814 | Gauntlet | Reached XP level 12. HP: 91/91 MP: 0/0
 18852 | Gauntlet | Identified the amulet of Wigi Ramp {Faith Dex+2}
 18922 | Gauntlet | Killed a thrashing horror
 19290 | Gauntlet | Noticed a minotaur
 19306 | Gauntlet | HP: 3/92 [minotaur/silver javelin (14)]
 19306 | Gauntlet | HP: 1/92 [minotaur/silver javelin (2)]
 19839 | Lair:3   | Identified the +1 robe of Jokkid {Str+6}
 19863 | Lair:3   | Identified a scroll of acquirement
 19863 | Lair:3   | Acquired 642 gold pieces
 20194 | Lair:3   | Noticed a four-headed hydra
 20201 | Lair:3   | Killed a four-headed hydra
 20460 | Lair:3   | Reached skill level 12 in Dodging
 20731 | Lair:3   | Found a staircase to the Swamp.
 21008 | Lair:4   | Identified the +0 long sword "Giantbane" {holy, Dex+5
                  | Stlth-}
 21050 | Lair:4   | Reached skill level 10 in Spellcasting
 21391 | Lair:4   | Noticed a five-headed hydra
 21396 | Lair:4   | Killed a five-headed hydra
 21484 | Lair:4   | Identified the +2 robe of Deryraf {rCorr Str+3 Int+4}
 22018 | Lair:5   | Reached ***** piety under Makhleb
 22065 | Lair:4   | Reached XP level 13. HP: 70/100 MP: 0/0
 22065 | Lair:4   | Learned a level 5 spell: Irradiate
 22287 | Lair:5   | Found a staircase to the Slime Pits.
 22484 | Lair:5   | Reached skill level 13 in Dodging
 22882 | Lair:5   | Noticed Urug
 22888 | Lair:5   | Killed Urug
 23277 | Lair:6   | Entered Level 6 of the Lair of Beasts
 24376 | Lair:6   | Reached skill level 14 in Dodging
 24506 | Lair:6   | Identified the +6 scale mail of Pawuosm {Str+4 SInv}
 24704 | Lair:6   | Noticed a dire elephant
 24713 | Lair:6   | Killed a dire elephant
 24798 | Lair:6   | Reached XP level 14. HP: 108/108 MP: 0/0
 24803 | Lair:6   | Found a burning altar of Makhleb.
 25198 | Lair:6   | Found a gateway to Hell.
 25528 | D:10     | Gained mutation: You are frail. (-10% HP) [mutagenic glow]
 26726 | D:11     | Found Pishowim's Magic Scroll Shop.
 27444 | D:12     | Reached ****** piety under Makhleb
 27569 | D:12     | Noticed Azrael
 27577 | D:12     | Killed Azrael
 27578 | D:12     | Reached skill level 15 in Dodging
 27857 | D:12     | Found a staircase to the Orcish Mines.
 27967 | D:12     | Noticed Erolcha
 27971 | D:12     | Killed Erolcha
 28106 | D:12     | Found a snail-covered altar of Cheibriados.
 28108 | D:12     | Found a sparkling altar of Nemelex Xobeh.
 28108 | D:12     | Found a hide-covered altar of Uskayaw.
 28116 | D:12     | Found a bloodstained altar of Trog.
 28116 | D:12     | Found a shimmering altar of Xom.
 28211 | Orc:1    | Entered Level 1 of the Orcish Mines
 28393 | Orc:2    | Entered Level 2 of the Orcish Mines
 28401 | Orc:2    | Noticed an orc warlord
 28493 | Orc:1    | Killed an orc warlord
 29679 | Orc:2    | Found Sazig's Antique Weapon Boutique.
 29724 | Orc:2    | Reached XP level 15. HP: 76/105 MP: 0/0
 29724 | Orc:2    | Learned a level 6 spell: Death Channel
 29725 | Orc:2    | Found Doecios's General Store.
 30566 | Orc:2    | Found Sofomp's Jewellery Shoppe.
 30932 | Orc:2    | Bought a +0 buckler for 49 gold pieces
 30968 | Orc:2    | Found Hetul's Antique Armour Shoppe.
 30976 | Orc:2    | Found a staircase to the Elven Halls.
 31756 | D:13     | Reached skill level 1 in Shields
 32092 | D:13     | Found a runed translucent gate.
 32093 | D:13     | Found a runed translucent gate.
 32094 | D:13     | Found a runed translucent gate.
 32232 | D:13     | Noticed Vepoma's ghost (journeyman SpEn)
 32391 | D:13     | Found Paiczisi's Armour Emporium.
 32703 | D:13     | Found the +3 warlock's mirror {reflect}
 32708 | D:13     | Cast into level 2 of the Abyss (a wizard)
 32993 | Abyss:2  | Noticed a lich
 32996 | Abyss:2  | Killed a lich
 32997 | Abyss:2  | Gained mutation: Armour fits poorly on your strangely
                  | shaped body. [mutagenic glow]
 33071 | Abyss:2  | HP: 3/106 [thrashing horror (13)]
 33272 | Abyss:2  | Noticed a tentacled starspawn
 33272 | Abyss:2  | Noticed a tentacled starspawn
 33315 | D:13     | Escaped the Abyss
 33323 | D:13     | Reached skill level 16 in Dodging
 33576 | D:13     | Cast into level 2 of the Abyss (a wizard)
 33625 | D:13     | Escaped the Abyss
 33741 | D:13     | Noticed Snorg
 33747 | D:13     | Killed Snorg
 33828 | D:13     | Noticed Josephine
 33834 | D:13     | Killed Josephine
 34042 | D:13     | Killed Vepoma's ghost
 34134 | D:14     | Found a gate to the Vaults.
 34141 | D:14     | Reached XP level 16. HP: 111/111 MP: 0/0
 34144 | D:14     | Gained mutation: Your spells are a little easier to cast,
                  | but a little less powerful. [mutagenic glow]
 34270 | D:14     | Reached skill level 15 in Fighting
 34709 | D:14     | Gained mutation: You are clumsy. (Dex -2) [mutagenic glow]
 34731 | D:14     | Identified the +1 ring mail of the Pure Youths {+Fly Str+6
                  | Stlth+}
 34796 | D:14     | Lost mutation: You are clumsy. (Dex -2) [potion of
                  | mutation]
 34796 | D:14     | Lost mutation: You are frail. (-10% HP) [potion of
                  | mutation]
 34796 | D:14     | Lost mutation: Armour fits poorly on your strangely shaped
                  | body. [potion of mutation]
 34796 | D:14     | Gained mutation: You are strong-willed. (Will+) [potion of
                  | mutation]
 34796 | D:14     | Gained mutation: Your flesh is almost immune to the effects
                  | of heat. (rF+++) [potion of mutation]
 34796 | D:14     | Gained mutation: Your muscles are strong. (Str +2) [potion
                  | of mutation]
 34896 | D:14     | Found Yluoblu's Antique Armour Emporium.
 35162 | D:15     | Entered Level 15 of the Dungeon
 35251 | D:15     | Found a blossoming altar of Fedhas.
 35552 | D:15     | Found a staircase to the Depths.
 36383 | Swamp:1  | Entered Level 1 of the Swamp
 36716 | Swamp:1  | Found a runed translucent door.
 36718 | Swamp:1  | Noticed Esiutuon's ghost (adept DECj)
 37033 | Swamp:1  | Killed Esiutuon's ghost
 37034 | Swamp:1  | Reached skill level 17 in Dodging
 37042 | Swamp:1  | Identified the ring of Obsession {rC+ rN+ SInv}
 37116 | Swamp:2  | Noticed a thorn hunter
 37198 | Swamp:2  | Reached XP level 17. HP: 132/132 MP: 0/0
 37198 | Swamp:2  | Learned a level 6 spell: Conjure Ball Lightning
 37686 | Swamp:3  | Reached skill level 10 in Armour
 38137 | Swamp:4  | Entered Level 4 of the Swamp
 38321 | Swamp:4  | HP: 3/133 [seven-headed hydra (4)]
 38344 | Swamp:3  | Upgraded the game from 0.27-a0-752-gc3205288ea to
                  | 0.27-a0-767-g00efbec225
 39030 | Swamp:4  | Got a decaying rune of Zot
 39336 | Snake:1  | Entered Level 1 of the Snake Pit
 39433 | Snake:1  | Found Igu Jutu's Antique Armour Emporium.
 39694 | Snake:1  | HP: 5/134 [naga sharpshooter/bolt (26)]
 40050 | Snake:1  | Reached skill level 18 in Dodging
 40050 | Snake:1  | Reached XP level 18. HP: 132/141 MP: 0/0
 42086 | Snake:2  | Found a burning altar of Makhleb.
 42629 | Snake:2  | Noticed Aizul
 42636 | Snake:2  | Killed Aizul
 43304 | Snake:3  | Noticed Donald
 43668 | Snake:3  | Killed Donald
 44266 | Snake:3  | Found Yqig's Book Shoppe.
 44268 | Snake:3  | Found Pofyweub's Distillery.
 44268 | Snake:3  | Found Humeg's Weapon Emporium.
 44271 | Snake:3  | Found Faezica's Antique Weapon Emporium.
 44525 | Snake:3  | Noticed Nikola
 44772 | Snake:3  | Killed Nikola
 45419 | Snake:3  | Upgraded the game from 0.27-a0-767-g00efbec225 to
                  | 0.27-a0-774-g3e622ea735
 45433 | Snake:4  | Entered Level 4 of the Snake Pit
 45438 | Snake:4  | Found Unaguaga's Assorted Antiques.
 45442 | Snake:4  | Bought a scroll labelled HIPEILUCSO for 44 gold pieces
 45442 | Snake:4  | Bought a scroll labelled DAHUSK DOLAISA for 44 gold pieces
 45708 | Snake:4  | Reached skill level 15 in Spellcasting
 46163 | Snake:4  | Found Usegacelio's Assorted Antiques.
 46527 | Snake:4  | Found Xesuf's Assorted Antiques.
 46532 | Snake:4  | Bought a scroll of acquirement for 1404 gold pieces
 47114 | Snake:4  | Acquired 523 gold pieces
 47338 | Snake:4  | Reached XP level 19. HP: 148/148 MP: 0/0
 47338 | Snake:4  | Learned a level 6 spell: Statue Form
 48343 | Snake:4  | Reached skill level 19 in Dodging
 49122 | Snake:4  | Got a serpentine rune of Zot
 49511 | Vaults:1 | Entered Level 1 of the Vaults
 50967 | Vaults:1 | Found Tireu's Distillery.
 51042 | Vaults:1 | Bought a potion of heal wounds for 65 gold pieces
 51042 | Vaults:1 | Bought a potion of heal wounds for 65 gold pieces
 51574 | Vaults:1 | Reached XP level 20. HP: 87/157 MP: 0/0
 52194 | Vaults:1 | Identified the +1 robe of Cheibriados's Hatred {Str+3}
 53599 | Vaults:2 | Reached skill level 20 in Dodging
 54583 | Vaults:2 | Noticed Asterion
 54858 | Vaults:2 | Found Caits's Armour Shop.
 55159 | Vaults:2 | You are sucked into a shaft and drop 2 floors!
 55265 | Vaults:3 | Noticed Bai Suzhen
 55519 | Vaults:4 | Reached XP level 21. HP: 133/165 MP: 0/0
 55519 | Vaults:4 | Learned a level 8 spell: Disjunction
 56028 | Vaults:4 | Killed Bai Suzhen
 56776 | Vaults:3 | Found a staircase to the Crypt.
 57097 | Vaults:3 | Reached skill level 15 in Armour
 57449 | Vaults:3 | Found Yxakheke's Assorted Antiques.
 57457 | Vaults:3 | Bought a warped hat for 234 gold pieces
 57457 | Vaults:3 | Identified the +0 hat of Proximity {rElec} (You bought it
                  | in a shop on level 3 of the Vaults)
 58575 | Vaults:3 | Noticed Jory
 58581 | Vaults:3 | Killed Jory
 59424 | Vaults:4 | Gained mutation: You are clumsy. (Dex -2) [mutagenic glow]
 60025 | Vaults:4 | Reached skill level 21 in Dodging
 60069 | Vaults:4 | Reached XP level 22. HP: 173/173 MP: 0/0
 60411 | Vaults:5 | Entered Level 5 of the Vaults
 60411 | Vaults:5 | Noticed a dread lich
 60646 | Elf:1    | Entered Level 1 of the Elven Halls
 62447 | Elf:2    | Found a portal to a secret trove of treasure.
 63204 | Elf:2    | Found a runed translucent gate.
 63204 | Elf:2    | Found a runed translucent gate.
 63204 | Elf:2    | Found a runed translucent gate.
 64539 | Elf:3    | Entered Level 3 of the Elven Halls
 64629 | Elf:3    | Found Dyahaasy's Antique Armour Boutique.
 65128 | Elf:3    | Reached skill level 5 in Shields
 65568 | Elf:3    | Reached XP level 23. HP: 150/180 MP: 0/0
 65568 | Elf:3    | Learned a level 7 spell: Ozocubu's Refrigeration
 66657 | Elf:3    | Identified the ring of Gouhiafeop {rPois rN+}
 66743 | Elf:3    | Reached skill level 22 in Dodging
 66940 | Elf:3    | Identified the +3 leather armour "Isoudoet" {Str+4 SInv}
 67102 | Elf:3    | Identified the amulet of Rinoxusu {Acrobat rElec rC+ Will-
                  | SInv}
 67232 | Elf:3    | Identified the +9 shortbow of the Several Lovers {flame,
                  | rPois}
 67248 | Elf:3    | Identified the +0 robe "Meumoij" {rC+}
 67259 | Elf:3    | Identified the +2 helmet of the Fiddle {Int+6}
 67354 | Elf:3    | Identified the +2 robe of Woihig {Harm Dex+4}
 67372 | Elf:3    | Identified the Tome of Changing
 67937 | Depths:1 | Entered Level 1 of the Depths
 68076 | Depths:1 | Found Tudeirif's Book Boutique.
 68077 | Depths:1 | Found Dycerer's Jewellery Emporium.
 68077 | Depths:1 | Found Rawk's Jewellery Emporium.
 68470 | Depths:1 | Found a runed translucent door.
 69708 | Depths:1 | Noticed a golden dragon
 69763 | Depths:1 | Identified the +1 scale mail of Squeaky the Good {Str+3}
 70145 | Depths:1 | Reached XP level 24. HP: 188/189 MP: 0/0
 70529 | Depths:1 | Found a one-way gate leading to the halls of Pandemonium.
 70543 | Depths:1 | HP: 1/189 [spore (11)]
 70543 | Depths:1 | Killed by an exploding ball lightning

Illustrated notes

Levels and vault maps discovered:
D:1:      dpeg_arrival_yet_another_circle, layout_basic
D:2:      layout_basic, lemuel_crystal_altar, overflow_temple_1_default,
          serial_shops, nicolae_shop_trees, palyth_stone_intersect,
          grunt_ministairs_6, kennysheep_generic_room_8, uniq_robin
D:3:      layout_rooms, general_overflow_altar
D:4:      layout_rooms, kennysheep_little_box, serial_corexii_hall,
          chequers_hall_statues_corner_a, corexii_hall_statues_l
D:5:      layout_basic, zin_angel, gammafunk_ghost_nasty_kobolds
D:6:      layout_gridville, lemuel_temple_firewalk_b, uniq_eustachio
D:7:      layout_loops_ring, lemuel_doored_altar, basic_altar
D:8:      layout_loops_corners, serial_undead, serial_undead_e, serial_undead_d,
          serial_undead_f, serial_undead_b, special_room [special_room_orc],
          minmay_misc_feat_cross, glass_columns_b, minmay_crystal_water
D:9:      layout_irregular_city, enter_bailey_5, gammafunk_ghost_ooze,
          feat_on_display, uniq_harold
D:10:     layout_gridville, dpeg_lair_monsters
D:11:     layout_roguey, serial_shops, shop, serial_aquarium,
          aquarium_bridge_straight [aquarium_subvault_bridge,
          aquarium_subvault_window, aquarium_subvault_bridge,
          aquarium_subvault_wall], aquarium_window_1, aquarium_window_1,
          aquarium_view_2c, aquarium_view_2f, aquarium_pool_1
D:12:     layout_gridville, orc_0_dummy, doesnt_xom_only_xom, uniq_erolcha,
          uniq_azrael
D:13:     minmay_smoke_and_mirrors, layout_stronghold,
          gammafunk_ghost_hydra_chop, serial_shops, shop_fountains, uniq_snorg,
          uniq_josephine
D:14:     layout_basic, grunt_vaults_entry_tiered, grunt_decor_junction,
          serial_shops, shop_statue, lightli_minifort
D:15:     hangedman_depths_entry_civil_slaughter, layout_cave_pods,
          serial_park_square1 [serial_park_minivault_5x5_3], basic_altar
Temple:   nicolae_temple_elliptical
Lair:1:   layout_roguey, basic_altar, uniq_gastronok
Lair:2:   layout_roguey, guppyfry_snake_entry_garden, basic_altar,
          beast_lair_carwin_9
Lair:3:   layout_regular_city, minmay_swamp_entry_swarm, gauntlet_entry_generic,
          st_stairs_4, pond, grunt_megastairs_2, serial_bayou_shore_a,
          lemuel_fruit_tree
Lair:4:   layout_small_grid, st_stairs_6
Lair:5:   layout_cave_pods, slime_dummy, cheibrodos_lair_lostbears, uniq_urug
Lair:6:   evil_forest, layout_gridlike, grunt_megastairs_1
Swamp:1:  layout_basic_swamp, ebering_ghost_reflecting_pool,
          hangedman_swamp_ruin_wall
Swamp:2:  layout_falls_marsh, nicolae_swamp_bean_lake
Swamp:3:  layout_falls_marsh, nicolae_swamp_ascending_descending_big
Swamp:4:  swamp, layout_basic_swamp
Snake:1:  layout_rooms, serial_shops, nicolae_shop_stone,
          portal_ice_cave_entry_pillars_four, grunt_megastairs_3
Snake:2:  layout_concentric_octagons, basic_altar, uniq_aizul
Snake:3:  layout_chambers, special_room, minmay_shoptagon, uniq_donald,
          uniq_nikola
Snake:4:  snake_pit_salamanders_mu, layout_cave_town, serial_shops, shop, shop,
          nicolae_shop_overgrown_old_shop, nicolae_snake_squiggles,
          serial_bayou_pond_e
Orc:1:    layout_caves, basic_altar
Orc:2:    grunt_orc_gardens, layout_diamond_mine, grunt_orc_garden,
          grunt_orc_garden, grunt_orc_garden, grunt_orc_garden
Elf:1:    elf_arrival_001, layout_loops_corners,
          hangedman_elven_crosses_minicolossus
Elf:2:    layout_geoelf_diagonals, enter_trove_1
Elf:3:    minmay_elf_hall_hex, layout_gridlike, serial_shops, shop, laboratory
Vaults:1: ontoclasm_vaults_shuriken, grunt_vaults_funnel, ontoclasm_vaults_chip,
          ontoclasm_vaults_pinch, nicolae_vaults_little_ls, v_misc_2,
          vaults_room_pool, vaults_dpeg_spiral, st_octagons_1, v_pattern_2,
          nicolae_vaults_stairing_the_circle, nicolae_vaults_circle_grid_b,
          ontoclasm_vaults_chip, vaults_mumra_lcd,
          nicolae_vaults_little_squares_3, layout_vaults_maze, serial_shops,
          shop
Vaults:2: vaults_room_mumra_shop_pool, vaults_room_fancy_cross,
          vaults_dpeg_hooks, nicolae_vaults_diagonal_hallway_7,
          vaults_room_corners, nicolae_vaults_specimen_jars,
          hangedman_vaults_nails, layout_vaults_omnigrid, uniq_asterion
Vaults:3: nicolae_vaults_know_your_exits, vaults_room_fancy_cross,
          nicolae_vaults_inception_statues, v_misc_22,
          minmay_crypt_entry_simple_box, ontoclasm_vaults_claustrophobia,
          ontoclasm_vaults_idyll, vaults_dpeg_diagonal, vaults_room_fours,
          ontoclasm_vaults_loading_screen, vaults_mumra_hex,
          hangedman_vaults_stretched_pinwheel, grunt_vaults_hallway_short,
          nicolae_vaults_three_branches, layout_vaults_chaotic_city,
          serial_shops, shop, uniq_jory, uniq_bai_suzhen
Vaults:4: nicolae_vaults_little_squares_1,
          vaults_standard_mumra_enter_the_diamond, v_misc_22,
          hangedman_vaults_slice, grunt_vaults_bifocal, v_rooms_4,
          nicolae_vaults_fighting_squares, vaults_room_boxed,
          grunt_vaults_diagonal, v_pattern_3, vaults_room_semicircle,
          hangedman_vaults_restitches, v_misc_19, layout_vaults_ring
Vaults:5: serial_shops, uniq_margery
Depths:1: minmay_the_grid_four_pointed_star
          [minmay_the_grid_triangle_9x9_negative_grid,
          minmay_the_grid_triangle_9x9_subtriangle,
          minmay_the_grid_triangle_9x9_flanged_cone,
          minmay_the_grid_triangle_9x9_windchime,
          minmay_the_grid_prize_big_room], layout_gridlike, grunt_metal_band,
          pan_entry, kennysheep_cross_bottleneck, serial_bayou_crossing,
          firewood_loft, minmay_shop_grove, serial_bayou_shore_b,
          serial_bayou_shore_b

Skill      XL: |  1  2  3  4  5  6  7  8  9 10 11 12 13 14 15 16 17 18 19 20 21 22 23 |
---------------+----------------------------------------------------------------------+-----
Stealth        | 2 |  2.0
Spellcasting   | 3 4 5 6 7 9 10 11 12 13 14 15 16 17 18 | 18.2
Fighting       | 1 2 3 4 5 7 8 10 11 12 14 15 16 17 18 19 20 | 20.8
Dodging        | 3 4 5 7 8 9 11 12 14 15 16 17 18 19 20 21 22 | 22.4
Armour         | 3 4 6 7 9 11 12 13 14 15 16 | 16.2
Shields        | 4 5 8 |  8.6

Action                   |  1- 3 |  4- 6 |  7- 9 | 10-12 | 13-15 | 16-18 | 19-21 | 22-24 || total
-------------------------+-------+-------+-------+-------+-------+-------+-------+-------++-------
Melee: Dagger            |       |     4 |       |       |       |       |       |       ||     4
       Short sword       |       |    51 |   151 |    79 |       |       |       |       ||   281
       Scimitar          |       |       |       |    14 |    31 |    15 |       |       ||    60
       Staff             |       |       |       |       |       |       |    15 |       ||    15
 Cast: Magic Dart        |    94 |   205 |   469 |   238 |       |       |       |       ||  1006
       Conjure Flame     |     2 |       |       |       |       |       |       |       ||     2
       Mephitic Cloud    |       |     9 |    24 |    31 |     4 |       |       |       ||    68
       Call Canine Famil |       |       |     2 |       |       |       |       |       ||     2
       Slow              |       |       |       |     1 |       |       |       |       ||     1
       Airstrike         |       |       |       |   227 |   647 |  1164 |   864 |   717 ||  3619
       Irradiate         |       |       |       |       |    74 |    34 |    67 |       ||   175
       Death Channel     |       |       |       |       |     1 |     7 |     1 |       ||     9
       Conjure Ball Ligh |       |       |       |       |       |    26 |   125 |    25 ||   176
       Statue Form       |       |       |       |       |       |       |     2 |     1 ||     3
       Disjunction       |       |       |       |       |       |       |     1 |       ||     1
       Ozocubu's Refrige |       |       |       |       |       |       |       |    56 ||    56
  Use: Scroll            |     1 |     2 |     7 |     6 |     8 |    10 |     5 |     3 ||    42
       Potion            |       |     1 |     2 |     5 |     3 |     2 |       |       ||    13
 Stab: Confused          |       |       |     4 |    10 |     3 |       |       |       ||    17
Armor: Robe              |     3 |    17 |    21 |       |       |       |       |       ||    41
       Leather armour    |       |       |    12 |       |       |       |       |       ||    12
       Ring mail         |       |       |    48 |    76 |    90 |    46 |   138 |    72 ||   470
       Troll leather arm |       |       |       |       |    13 |    67 |       |       ||    80
       Skin              |       |       |       |       |       |       |     6 |       ||     6
Dodge: Dodged            |     4 |    69 |   181 |   188 |   264 |   354 |   355 |   162 ||  1577
Block: Other             |       |       |     9 |    55 |    34 |       |       |       ||    98
       Reflection        |       |       |       |     1 |     4 |   111 |    83 |    43 ||   242
       Buckler           |       |       |       |       |    48 |   365 |   339 |   168 ||   920
       Rpst.: Scimitar   |       |       |       |    20 |    53 |    38 |       |       ||   111

Table legend: (Time is in decaauts)
 A = Elapsed time spent in this place.
 B = Non-inter-level travel time spent in this place.
 C = Inter-level travel time spent in this place.
 D = Time resting spent in this place.
 E = Time spent auto-exploring this place.
 F = Levels seen in this place.
 G = Mean time per level.
                   A        B        C        D        E       F      G
               +--------+--------+--------+--------+--------+-----+--------+
         Total |  70767 |  66607 |   4160 |   1872 |  53756 |  45 | 1572.6 |
       Dungeon |  23225 |  21452 |   1773 |    500 |  17881 |  15 | 1548.3 |
        Temple |     46 |     34 |     12 |      0 |     20 |   1 |   46.0 |
          Lair |   8545 |   8016 |    529 |    204 |   6861 |   6 | 1424.2 |
         Swamp |   2923 |   2721 |    202 |     19 |   2043 |   4 |  730.8 |
     Snake Pit |   9995 |   9447 |    548 |    315 |   7711 |   4 | 2498.8 |
  Orcish Mines |   3116 |   2914 |    202 |    533 |   1976 |   2 | 1558.0 |
   Elven Halls |   6243 |   5894 |    349 |      0 |   4971 |   3 | 2081.0 |
        Vaults |  11171 |  10644 |    527 |    301 |   8631 |   5 | 2234.2 |
        Depths |   2638 |   2623 |     15 |      0 |   2260 |   1 | 2638.0 |
         Abyss |    644 |    644 |      0 |      0 |      0 |   2 |  322.0 |
        Bailey |    843 |    843 |      0 |      0 |    545 |   1 |  843.0 |
      Gauntlet |   1372 |   1372 |      0 |      0 |    856 |   1 | 1372.0 |
               +--------+--------+--------+--------+--------+-----+--------+

Top non-repeatable levels by time:
 Snake:4: 3575 daAuts
Vaults:1: 3258 daAuts
Vaults:3: 3142 daAuts
 Snake:2: 2816 daAuts
     D:8: 2658 daAuts
Vaults:4: 2642 daAuts
Depths:1: 2638 daAuts
    D:13: 2485 daAuts
     D:2: 2433 daAuts
   Orc:1: 2185 daAuts
   Elf:3: 2177 daAuts
   Elf:2: 2123 daAuts
Vaults:2: 2111 daAuts
   Elf:1: 1943 daAuts
  Lair:6: 1932 daAuts
